 Dungeon Crawl Stone Soup version 0.30-a0-335-ge5acde7520 (webtiles) character file.

Game seed: 7401545523708398662

125 gruber the Conjurer (level 4, -3/24 HPs)
             Began as a Deep Elf Conjurer on Oct 30, 2022.
             Slain by Grinder (6 damage)
             ... on level 3 of the Dungeon.
             The game lasted 00:01:25 (2224 turns).

gruber the Conjurer (Deep Elf Conjurer)             Turns: 2224, Time: 00:01:25

Health: -3/24      AC:  4    Str:  4    XL:     4   Next: 82%
Magic:  12/12      EV: 12    Int: 25    God:
Gold:   158        SH:  0    Dex: 13    Spells: 8/11 levels left

rFire   . . .      SeeInvis .    f - +1 short sword (flame)
rCold   . . .      Faith    .    (no shield)
rNeg    . . .      Spirit   .    a - +0 robe
rPois   .          Reflect  .    (no helmet)
rElec   .          Harm     .    (no cloak)
rCorr   .          Rampage  .    k - +1 pair of gloves
Will    .....                    (no boots)
Stlth   ++........               (no amulet)
HPRegen 0.24/turn                (no ring)
MPRegen 0.13/turn                (no ring)

@: no status effects
A: no striking features
a: no special abilities


You were on level 3 of the Dungeon.
You visited 1 branch of the dungeon, and saw 3 of its levels.

You collected 158 gold pieces.

Inventory:

Hand Weapons
 f - a +1 short sword of flaming (weapon)
Armour
 a - a +0 robe (worn)
 k - a +1 pair of gloves (worn)
Scrolls
 e - a scroll of torment {unknown}
 g - 2 scrolls of noise {unknown}
 h - a scroll of magic mapping {unknown}
 i - 3 scrolls of identify {unknown}
 m - a scroll of immolation {unknown}
 o - a scroll of brand weapon {unknown}
Potions
 b - a potion of magic
 c - a potion of brilliance {unknown}
 d - 2 potions of heal wounds {unknown}
 j - a potion of ambrosia {unknown}
 l - a potion of attraction {unknown}
 n - a potion of flight {unknown}


   Skills:
 + Level 2.5 Dodging
 - Level 2.4 Stealth
 + Level 4.1 Spellcasting
 * Level 6.3 Conjurations


You had 8 spell levels left.
You knew the following spells:

 Your Spells              Type           Power      Damage    Failure   Level
a - Magic Dart            Conj           100%       1d8       1%          1
b - Searing Ray           Conj           72%        2d7       1%          2

Your spell library contained the following spells:

 Spells                   Type           Power      Damage    Failure   Level
 Dazzling Flash           Conj/Hex       42%        N/A       8%          3
 Fulminant Prism          Conj/Hex       10%        3d9       24%         4
 Iskenderun's Mystic Bla  Conj/Tloc      21%        2d6       24%         4


Dungeon Overview and Level Annotations

Branches:
Dungeon (3/15)

Altars:

Annotations:
D:3 Grinder


Message History

You kill the orc!
Grinder comes into view.
The magic dart hits Grinder.
Grinder is lightly wounded.
Grinder shouts!
Grinder blinks!
The magic dart hits Grinder but does no damage.
Grinder is lightly wounded.
The magic dart hits Grinder.
Grinder is lightly wounded.
The magic dart hits Grinder.
Grinder is moderately wounded.
Grinder closely misses you.
Casting: Magic Dart (safe; 1% risk of failure)
Confirm with . or Enter, or press ? or * to list all spells.
Aiming: Searing Ray (safe; 1% risk of failure)
Press: ? - help, Shift-Dir - straight line, f/p - Grinder
Aim: Grinder (moderately wounded, 78% to hit)
The searing ray hits Grinder.
Grinder is moderately wounded. (Press . to maintain the ray.) Grinder gestures at you.
You resist with significant effort.
Unknown command.
The searing ray hits Grinder.
Grinder is moderately wounded.
Grinder hits you.
You writhe in agony.
The searing ray hits Grinder.
Grinder is heavily wounded.
Grinder hits you.
You writhe in agony.
The searing ray hits Grinder!
Grinder is severely wounded.
You finish channelling your searing ray.
Grinder misses you.
Unknown command.
Unknown command.
Magic courses through your body. Grinder hits you!
* * * LOW HITPOINT WARNING * * *
You writhe in agony.
You die...

### ####### ##.###.>....
##...##......
#......รท.####
#############...###.#
............##.####.####
.)....5@###.............
#######...........).....
..............####.##..
.###########..# ##.##..
#..###..##..
...##.......
#..###'####.. #..# #..#
#.. #..# #..# #..


You could see Grinder.

Vanquished Creatures
  7 gnolls
  An adder (D:3)
  3 orcs (D:3)
  5 bats
  2 endoplasms (D:1)
  4 giant cockroaches
  A goblin (D:1)
  7 hobgoblins
  3 quokkas (D:3)
  3 ball pythons
  3 frilled lizards
  3 kobolds
  5 rats
47 creatures vanquished.

Notes
Turn   | Place    | Note
-------+----------+-------------------------------------------
     0 | D:1      | gruber the Deep Elf Conjurer began the quest for the Orb.
     0 | D:1      | Reached XP level 1. HP: 10/10 MP: 6/6
    45 | D:1      | Found Bat Liyxzoi's Magic Scroll Shoppe.
   171 | D:1      | Reached XP level 2. HP: 15/15 MP: 6/8
   174 | D:1      | Learned a level 2 spell: Searing Ray
   304 | D:1      | Reached skill level 5 in Conjurations
   379 | D:1      | Found a faded altar of an unknown god.
  1353 | D:2      | Reached XP level 3. HP: 14/19 MP: 3/10
  1364 | D:2      | Reached XP level 4. HP: 12/24 MP: 0/11
  1730 | D:3      | Reached skill level 6 in Conjurations
  2215 | D:3      | Noticed Grinder
  2224 | D:3      | Slain by Grinder

Illustrated notes

Levels and vault maps discovered:
D:1:      onia_arrival_pyramid, layout_basic,
          hellmonk_ecumenical_altar_inner_sanctum, serial_shops, shop
D:2:      layout_basic
D:3:      minmay_chambers_of_twos, layout_loops_ring, uniq_grinder

Skill      XL: |  1  2  3  4 |
---------------+-------------+-----
Conjurations   | 5 6 |  6.3
Spellcasting   | 4 |  4.1
Dodging        | |  2.5
Stealth        | |  2.4

Action                   |  1- 3 |  4- 6 || total
-------------------------+-------+-------++-------
 Cast: Magic Dart        |    44 |    30 ||    74
       Searing Ray       |     2 |     4 ||     6
  Use: Potion            |       |     1 ||     1
Armor: Robe              |     1 |     1 ||     2
Dodge: Dodged            |     3 |     4 ||     7

Table legend: (Time is in decaauts)
 A = Elapsed time spent in this place.
 B = Non-inter-level travel time spent in this place.
 C = Inter-level travel time spent in this place.
 D = Time resting spent in this place.
 E = Time spent auto-exploring this place.
 F = Levels seen in this place.
 G = Mean time per level.
                   A        B        C        D        E       F      G
               +--------+--------+--------+--------+--------+-----+--------+
         Total |   2223 |   2194 |     29 |      0 |   1983 |   3 |  741.0 |
       Dungeon |   2223 |   2194 |     29 |      0 |   1983 |   3 |  741.0 |
               +--------+--------+--------+--------+--------+-----+--------+

Top non-repeatable levels by time:
     D:2: 904 daAuts
     D:1: 787 daAuts
     D:3: 530 daAuts
